AoeStats
← Arguin331

MegaRandom

504560290Analyzed
4v4 RM · 27d ago on Sep 5, 2026· 47m 47s· 8 players
Game mode
Random Map
Map size
Large (8 player)
Population
200
Speed
Normal
Resources
Standard
Victory
Conquest
Starting age
Dark Age
Ending age
Imperial Age
RankedLock teamsTeams togetherTeam positionsShared explorationLock speedFull tech treeHidden civsTurbo modeCheats
Victory
Defeat
🇦🇷 Teutons · Argentina
1081
+9
🇦🇷 Franks · Argentina
897
+16
🇦🇷 Malay · Argentina
870
+17
🇦🇷 Britons · Argentina
863
+17
🇸🇪 Teutons · Sweden
939
-16
🇳🇱 Byzantines · Netherlands
902
-15
🇫🇷 Chinese · France
895
-15
🇫🇷 Persians · France
856
-13
Daev
5:45 Loom
11:03 Feudal Age
12:34 Double-Bit Axe
19:50 Fletching
20:00 Scale Mail Armor
20:30 Horse Collar
25:21 Castle Age
24:11 Scale Barding Armor
24:46 Padded Archer Armor
27:11 Chain Barding Armor
27:24 Husbandry
27:14 Crossbowman
29:17 Bodkin Arrow
29:22 Pikeman
30:03 Elite Skirmisher
35:33 Squires
36:31 Forging
36:37 Leather Archer Armor
41:06 Chain Mail Armor
42:45 Gambesons
42:30 Light Cavalry
44:44 Iron Casting
Patapé !
5:29 Loom
11:42 Feudal Age
12:37 Town Watch
12:40 Double-Bit Axe
16:50 Wheelbarrow
21:25 Bloodlines
21:23 Scale Barding Armor
21:28 Forging
21:25 Stone Mining
21:27 Gold Mining
23:42 Castle Age
24:11 Husbandry
24:43 Horse Collar
26:06 Iron Casting
28:38 Chain Barding Armor
31:44 Heavy Plow
38:29 Imperial Age
40:44 Imperial Age
39:59 Pikeman
41:56 Scale Mail Armor
41:23 Halberdier
42:06 Squires
42:09 Arson
42:10 Gambesons
GlennHysen
11:24 Feudal Age
11:58 Horse Collar
12:24 Double-Bit Axe
13:36 Wheelbarrow
14:00 Wheelbarrow
16:45 Castle Age
33:17 Heavy Plow
34:13 Bow Saw
34:35 Hand Cart
34:48 Stone Mining
35:50 Town Watch
35:31 Pikeman
38:25 Fortified Wall
38:34 Scale Mail Armor
38:44 Forging
38:40 Scale Barding Armor
39:39 Bloodlines
42:39 Imperial Age
41:03 Bloodlines
42:49 Ballistics
42:44 Onager
43:07 Cavalier
45:37 Conscription
45:38 Squires
45:23 Arson
46:22 Elite Teutonic Knight
Arguin331
0:45 Loom
10:44 Feudal Age
15:51 Castle Age
14:37 Double-Bit Axe
14:55 Horse Collar
15:48 Stone Mining
16:08 Pikeman
21:30 Wheelbarrow
22:59 Heavy Plow
24:19 Gold Mining
29:10 Hand Cart
30:53 Elite Skirmisher
31:34 Fletching
31:44 Padded Archer Armor
31:56 Forging
31:52 Scale Barding Armor
32:38 Bow Saw
36:18 Imperial Age
33:52 Murder Holes
34:20 Ballistics
35:07 Leather Archer Armor
34:47 Bodkin Arrow
35:51 Iron Casting
37:09 Chain Barding Armor
36:47 Halberdier
37:02 Halberdier
39:23 Blast Furnace
42:20 Ring Archer Armor
41:50 Bracer
45:39 Chemistry
[Vsh]-Shaka_Arg
7:11 Loom
9:26 Feudal Age
10:18 Horse Collar
10:25 Double-Bit Axe
14:26 Scale Barding Armor
15:14 Wheelbarrow
23:48 Castle Age
22:54 Gold Mining
23:16 Bloodlines
23:19 Forging
24:49 Chain Barding Armor
32:06 Squires
32:11 Scale Mail Armor
32:34 Pikeman
34:22 Heavy Plow
34:32 Bow Saw
42:18 Imperial Age
40:12 Stone Mining
43:02 Iron Casting
42:43 Chain Mail Armor
42:29 Cavalier
43:38 Conscription
43:56 Plate Barding Armor
45:01 Blast Furnace
44:26 Caravan
[Vsh]-WinZerdo
1:08 Loom
12:19 Feudal Age
18:07 Castle Age
17:48 Double-Bit Axe
21:16 Bow Saw
23:06 Wheelbarrow
25:30 Hand Cart
32:18 Husbandry
36:12 Imperial Age
33:51 Gold Mining
33:52 Stone Mining
35:28 Pikeman
36:11 Squires
35:58 Gambesons
37:06 Ballistics
37:56 Chemistry
37:19 Conscription
39:32 Caravan
39:36 Halberdier
41:37 #83
43:46 Elite Throwing Axeman
44:20 Fletching
44:33 Padded Archer Armor
44:44 Forging
48:36 Leather Archer Armor
48:16 Bodkin Arrow
48:59 Iron Casting
[Vsh]-Tutta
10:12 Feudal Age
9:56 Loom
15:19 Forging
18:53 Castle Age
17:21 Double-Bit Axe
17:17 Horse Collar
17:28 Gold Mining
19:20 Wheelbarrow
20:26 Hand Cart
21:34 Bow Saw
21:19 Stone Mining
21:36 Town Watch
25:55 Caravan
27:32 Husbandry
28:53 Treadmill Crane
31:34 Ballistics
31:25 Masonry
32:29 Town Patrol
32:39 Scale Barding Armor
35:47 Iron Casting
38:32 Imperial Age
38:41 Conscription
38:33 Forced Levy
38:21 Elite Battle Elephant
39:08 Elite Karambit Warrior
40:57 Blast Furnace
45:01 Pikeman
[Vishero]-R1char
3:37 Loom
10:21 Feudal Age
13:14 Double-Bit Axe
15:58 Wheelbarrow
15:57 Horse Collar
20:47 Fletching
20:58 Padded Archer Armor
23:39 Castle Age
21:44 Gold Mining
21:45 Stone Mining
23:58 Arson
24:42 Bow Saw
25:08 Gold Shaft Mining
24:39 Heavy Plow
24:05 Crossbowman
28:27 Hand Cart
29:59 Ballistics
29:50 Masonry
36:31 Imperial Age
36:48 Coinage
39:53 Arbalester
Connection lost

Rejoining the realm…

Still unreachable

The connection could not be restored.

Session expired

The server has moved on; the page needs a fresh start.